 Dungeon Crawl Stone Soup version 0.28-a0-43-g560ac104fe (webtiles) character file.

Game seed: 17485918476181587100

221 dolemite99 the Grave Robber (level 5, -4/38 HPs)
             Began as a Gnoll Necromancer on July 29, 2021.
             Slain by a black bear (7 damage)
             ... on level 3 of the Dungeon.
             The game lasted 00:04:47 (3110 turns).

dolemite99 the Grave Robber (Gnoll Necromancer)     Turns: 3110, Time: 00:04:47

Health: -4/38      AC:  6    Str:  9    XL:     5   Next: 98%
Magic:  0/12       EV: 13    Int: 14    God:
Gold:   104        SH:  0    Dex: 12    Spells: 9/14 levels left

rFire   . . .      SeeInvis .   q - +0 hand axe
rCold   . . .      Faith    .   (no shield)
rNeg    . . .      Spirit   .   k - +0 robe
rPois   .          Reflect  .   n - +2 helmet
rElec   .          Harm     .   (no cloak)
rCorr   .          Rampage  .   p - +0 pair of gloves
Will    .....                   (no boots)
Stlth   +++.......              (no amulet)
HPRegen 0.12/turn               (no ring)
MPRegen 0.13/turn               (no ring)

@: very slightly contaminated
A: fangs 1, strong nose, distributed training
a: no special abilities


You were on level 3 of the Dungeon.
You visited 1 branch of the dungeon, and saw 3 of its levels.

You collected 104 gold pieces.

Inventory:

Hand Weapons
 a - a +0 hunting sling
 c - a +0 whip
 d - a +0 dagger
 q - a +0 hand axe (weapon)
Missiles
 f - 30 poisoned darts (quivered)
 g - 58 bolts
 j - 47 arrows
 o - 92 stones
Armour
 k - a +0 robe (worn)
 n - a +2 helmet (worn)
 p - a +0 pair of gloves (worn)
Scrolls
 b - 2 scrolls of identify {unknown}
 h - 2 scrolls of teleportation {unknown}
 m - a scroll of silence {unknown}
Potions
 e - a potion of degeneration {unknown}
 i - a potion of attraction {unknown}
 l - 2 potions of curing {unknown}


   Skills:
 + Level 1.7 Fighting
 + Level 1.7 Short Blades
 + Level 1.7 Long Blades
 + Level 1.7 Axes
 + Level 1.7 Maces & Flails
 + Level 1.7 Polearms
 + Level 1.7 Staves
 + Level 1.7 Slings
 + Level 1.7 Bows
 + Level 1.7 Crossbows
 + Level 1.7 Throwing
 + Level 1.7 Armour
 + Level 4.9 Dodging
 + Level 4.5 Stealth
 + Level 1.7 Shields
 + Level 1.7 Unarmed Combat
 + Level 5.2 Spellcasting
 + Level 1.3 Conjurations
 + Level 1.3 Hexes
 + Level 1.3 Summonings
 + Level 7.2 Necromancy
 + Level 1.3 Translocations
 + Level 1.3 Transmutations
 + Level 1.3 Fire Magic
 + Level 1.3 Ice Magic
 + Level 1.3 Air Magic
 + Level 1.3 Earth Magic
 + Level 1.3 Poison Magic
 + Level 1.9 Invocations
 + Level 1.7 Evocations


You had 9 spell levels left.
You knew the following spells:

 Your Spells              Type           Power      Damage    Failure   Level
a - Pain                  Necr           96%        1d8       1%          1
b - Vampiric Draining     Necr           12%        2d7       2%          3
s - Animate Skeleton      Necr           48%        N/A       1%          1

Your spell library contained the following spells:

 Spells                   Type           Power      Damage    Failure   Level
 Sublimation of Blood     Necr           12%        N/A       1%          2
 Animate Dead             Necr           12%        N/A       9%          4
 Agony                    Necr           24%        N/A       24%         5
 Petrify                  Tmut/Erth      7%         N/A       67%         4
 Irradiate                Conj/Tmut      3%         3d15      95%         5


Dungeon Overview and Level Annotations

Branches:
Dungeon (3/15)

Altars:


Innate Abilities, Weirdness & Mutations

You have very sharp teeth.
Your uncanny sense of smell can sniff out nearby items.
Your experience applies equally to all skills.


Message History

Casting: Vampiric Draining (dangerous; 2% risk of failure)
Confirm with . or Enter, or press ? or * to list all spells.
Aiming: Vampiric Draining (dangerous; 2% risk of failure)
Press: ? - help, Shift-Dir - straight line, f/p - black bear
Aim: a black bear (severely wounded, berserk)
You draw life force from the black bear!
You feel life coursing into your body. The black bear misses you.
The black bear barely misses you. The black bear claws you.
Casting: Vampiric Draining (dangerous; 2% risk of failure)
Confirm with . or Enter, or press ? or * to list all spells.
Aiming: Pain (safe; 1% risk of failure)
Press: ? - help, Shift-Dir - straight line, f/p - black bear
Aim: a black bear (almost dead, berserk, chance to affect: 83%)
The black bear barely resists.
The black bear bites you!
The black bear claws you but does no damage. x2
The black bear bites you!
The black bear claws you but does no damage.
The black bear claws you.
Casting: Pain (safe; 1% risk of failure)
Confirm with . or Enter, or press ? or * to list all spells.
Aiming: Pain (safe; 1% risk of failure)
Press: ? - help, Shift-Dir - straight line, f/p - black bear
Aim: a black bear (almost dead, berserk, chance to affect: 83%)
The black bear barely resists.
The black bear closely misses you. The black bear claws you.
* * * LOW HITPOINT WARNING * * *
The black bear claws you but does no damage.
Casting: Pain (safe; 1% risk of failure)
Confirm with . or Enter, or press ? or * to list all spells.
Aiming: Pain (safe; 1% risk of failure)
Press: ? - help, Shift-Dir - straight line, f/p - black bear
Aim: a black bear (almost dead, berserk, chance to affect: 83%)
You miscast Pain.
You are very lightly contaminated with residual magic.
Nothing appears to happen.
The black bear bites you.
* * * LOW HITPOINT WARNING * * *
The black bear claws you.
* * * LOW HITPOINT WARNING * * *
The black bear closely misses you. The black bear bites you!
You die...

##..##.........####.##.##
#..##.######.## #.####
.(.......###.# #.#
#...##.##..##.# #.#
...........#.# #.# .
##.#.......#####.#
................#
.#......######## ##.@..##
h###.##..h.# .........#.#
####.##.##.##
#.#...#..#######
#........(....(.
###...##.####### ##.###.#
#.# #.#


You could see a black bear (berserk).

Vanquished Creatures
  A black bear (D:2)
  An orc wizard (D:3)
  Robin (D:2)
  4 adders (D:2)
  A worm (D:2)
  A dart slug (D:2)
  2 orcs (D:3)
  An endoplasm (D:1)
  6 hobgoblins
  5 jackals (D:3)
  3 kobolds
  A quokka (D:2)
  6 ball pythons
  3 bats
  4 frilled lizards (D:1)
  12 goblins
  3 rats (D:3)
55 creatures vanquished.

Notes
Turn   | Place    | Note
-------+----------+-------------------------------------------
     0 | D:1      | dolemite99 the Gnoll Necromancer began the quest for the
                  | Orb.
     0 | D:1      | Reached XP level 1. HP: 13/13 MP: 6/6
   230 | D:1      | Reached XP level 2. HP: 17/19 MP: 5/7
   237 | D:1      | Learned a level 1 spell: Animate Skeleton
   259 | D:1      | Found a faded altar of an unknown god.
  1173 | D:2      | Reached skill level 5 in Spellcasting
  1173 | D:2      | Reached XP level 3. HP: 17/25 MP: 4/9
  1253 | D:2      | Noticed a black bear
  1376 | D:2      | Learned a level 3 spell: Vampiric Draining
  1388 | D:2      | Reached skill level 1 in Invocations
  1454 | D:2      | Reached skill level 1 in Fighting
  1454 | D:2      | Reached skill level 1 in Short Blades
  1454 | D:2      | Reached skill level 1 in Long Blades
  1454 | D:2      | Reached skill level 1 in Axes
  1454 | D:2      | Reached skill level 1 in Maces & Flails
  1454 | D:2      | Reached skill level 1 in Polearms
  1454 | D:2      | Reached skill level 1 in Staves
  1454 | D:2      | Reached skill level 1 in Slings
  1454 | D:2      | Reached skill level 1 in Bows
  1454 | D:2      | Reached skill level 1 in Crossbows
  1454 | D:2      | Reached skill level 1 in Throwing
  1454 | D:2      | Reached skill level 1 in Armour
  1454 | D:2      | Reached skill level 1 in Shields
  1454 | D:2      | Reached skill level 1 in Unarmed Combat
  1454 | D:2      | Reached skill level 1 in Evocations
  1668 | D:2      | Killed a black bear
  1669 | D:2      | Reached skill level 1 in Conjurations
  1669 | D:2      | Reached skill level 1 in Hexes
  1669 | D:2      | Reached skill level 1 in Summonings
  1669 | D:2      | Reached skill level 1 in Translocations
  1669 | D:2      | Reached skill level 1 in Transmutations
  1669 | D:2      | Reached skill level 1 in Fire Magic
  1669 | D:2      | Reached skill level 1 in Ice Magic
  1669 | D:2      | Reached skill level 1 in Air Magic
  1669 | D:2      | Reached skill level 1 in Earth Magic
  1669 | D:2      | Reached skill level 1 in Poison Magic
  1669 | D:2      | Reached XP level 4. HP: 28/32 MP: 6/11
  1669 | D:2      | Reached XP level 5. HP: 32/37 MP: 6/12
  1858 | D:2      | Noticed Robin
  1864 | D:2      | Killed Robin
  3092 | D:3      | Noticed a black bear
  3110 | D:3      | Slain by a black bear

Illustrated notes

Levels and vault maps discovered:
D:1:      dpeg_arrival_tiny_a, layout_basic, shapermc_ecumenical_altar_gd
D:2:      layout_basic, minmay_misc_feat_diagonals, palyth_stone_intersect,
          lightli_corner_chamber, uniq_robin
D:3:      layout_loops_ring, dancing_weapons_uskayaw, mrwooster_statue_mirror,
          small_statue_intersection

Skill      XL: |  1  2  3 |
---------------+----------+-----
Spellcasting   | 5 |  5.2
Invocations    | 1 |  1.9
Fighting       | 1 |  1.7
Short Blades   | 1 |  1.7
Long Blades    | 1 |  1.7
Axes           | 1 |  1.7
Maces & Flails | 1 |  1.7
Polearms       | 1 |  1.7
Staves         | 1 |  1.7
Slings         | 1 |  1.7
Bows           | 1 |  1.7
Crossbows      | 1 |  1.7
Throwing       | 1 |  1.7
Armour         | 1 |  1.7
Shields        | 1 |  1.7
Unarmed Combat | 1 |  1.7
Evocations     | 1 |  1.7
Conjurations   | 1 |  1.3
Hexes          | 1 |  1.3
Summonings     | 1 |  1.3
Translocations | 1 |  1.3
Transmutations | 1 |  1.3
Fire Magic     | 1 |  1.3
Ice Magic      | 1 |  1.3
Air Magic      | 1 |  1.3
Earth Magic    | 1 |  1.3
Poison Magic   | 1 |  1.3
Dodging        | |  4.9
Stealth        | |  4.5
Necromancy     | |  7.2

Action                   |  1- 3 |  4- 6 || total
-------------------------+-------+-------++-------
Melee: Dagger            |     5 |       ||     5
       Bite              |     1 |     2 ||     3
       Hand axe          |       |    10 ||    10
       Unarmed           |       |     4 ||     4
 Fire: Hunting sling     |       |    61 ||    61
Throw: Dart              |     2 |     2 ||     4
 Cast: Pain              |    49 |    31 ||    80
       Animate Skeleton  |     7 |    10 ||    17
       Vampiric Draining |     2 |     4 ||     6
Armor: Robe              |     1 |    21 ||    22
Dodge: Dodged            |     8 |    48 ||    56

Table legend: (Time is in decaauts)
 A = Elapsed time spent in this place.
 B = Non-inter-level travel time spent in this place.
 C = Inter-level travel time spent in this place.
 D = Time resting spent in this place.
 E = Time spent auto-exploring this place.
 F = Levels seen in this place.
 G = Mean time per level.
                   A        B        C        D        E       F      G
               +--------+--------+--------+--------+--------+-----+--------+
         Total |   3115 |   3075 |     40 |    642 |   1806 |   3 | 1038.3 |
       Dungeon |   3115 |   3075 |     40 |    642 |   1806 |   3 | 1038.3 |
               +--------+--------+--------+--------+--------+-----+--------+

Top non-repeatable levels by time:
     D:2: 1668 daAuts
     D:1: 892 daAuts
     D:3: 554 daAuts
